 Dungeon Crawl Stone Soup version 0.27-a0-512-g57cc695410 (webtiles) character file.

Game seed: 5958255967342445699

3206 kae the Cleaver (level 9, 0/84 HPs)
             Began as a Hill Orc Fighter on Mar 3, 2021.
             Was a Follower of Qazlal.
             Slain by an orc warrior
             ... wielding a +0 dire flail
              (13 damage)
             ... on level 9 of the Dungeon.
             The game lasted 00:05:11 (8618 turns).

kae the Cleaver (Hill Orc Fighter)                  Turns: 8618, Time: 00:05:11

Health: 0/84       AC: 11    Str: 24    XL:     9   Next: 97%
Magic:  14/14      EV:  7    Int: 12    God:    Qazlal [*.....]
Gold:   194        SH: 11    Dex: 10    Spells: 8/8 levels left

rFire    . . .     SeeInvis .   a - +1 war axe
rCold    . . .     Faith    .   c - +0 kite shield
rNeg     . . .     Spirit   .   b - +1 scale mail
rPois    +         Reflect  .   (no helmet)
rElec    .         Harm     .   H - scarf {+Inv}
rCorr    +         Rampage  .   (no gloves)
Will     .....                  l - +2 pair of boots
Stlth    ..........             y - amulet "Ibuluf" {Acrobat rPois Str+2 Int+4}
HPRegen  0.24/turn              v - ring of flight
MPRegen  0.14/turn              z - ring of resist corrosion

@: no status effects
A: no striking features
a: Renounce Religion, Convert to Beogh, Evoke Invisibility, Evoke Flight


You were on level 9 of the Dungeon.
You worshipped Qazlal.
Qazlal was aware of your devotion.
You visited 2 branches of the dungeon, and saw 10 of its levels.
You also visited: Ossuary.

You collected 489 gold pieces.
You spent 295 gold pieces at shops.

Inventory:

Hand Weapons
 a - a +1 war axe (weapon)
Armour
 b - a +1 scale mail (worn)
 c - a +0 kite shield (worn)
 l - a +2 pair of boots (worn)
 x - a +0 cloak
 H - a scarf of invisibility (worn)
Jewellery
 j - an amulet of faith
 v - a ring of flight (left hand)
 y - the amulet "Ibuluf" (around neck) {Acrobat rPois Str+2 Int+4}
   (You acquired it on level 8 of the Dungeon)

   [amulet of the acrobat]

   It helps you evade while moving and waiting.
   It affects your strength (+2).
   It affects your intelligence (+4).
   It protects you from poison.
 z - a ring of resist corrosion (right hand)
Wands
 g - a wand of iceblast (10)
 p - a wand of flame (31)
Scrolls
 e - a scroll of brand weapon {unknown}
 f - 4 scrolls of enchant weapon
 k - 7 scrolls of teleportation
 u - 3 scrolls of fear
 G - 2 scrolls of blinking
Potions
 d - a potion of might
 h - a potion of berserk rage
 i - 9 potions of curing
 m - 2 potions of attraction
 n - 2 potions of haste
 o - 3 potions of heal wounds
 q - a potion of resistance
 r - a potion of flight
 s - 3 potions of mutation
 t - 3 potions of brilliance
 w - a potion of ambrosia
 A - a potion of haste
 C - a potion of magic
 E - a potion of lignification


   Skills:
 + Level 9.4 Fighting
 * Level 13.1 Axes
 - Level 3.2 Armour
 - Level 3.2 Shields
 * Level 6.9 Invocations


You had 8 spell levels left.
You didn't know any spells.
Your spell library contained the following spells:

 Spells                   Type           Power        Failure   Level
 Animate Skeleton         Necr           0%           98%         1
 Apportation              Tloc           0%           98%         1
 Corona                   Hex            0%           98%         1
 Foxfire                  Conj/Fire      0%           98%         1
 Magic Dart               Conj           0%           98%         1
 Summon Small Mammal      Summ           0%           98%         1
 Ensorcelled Hibernation  Hex/Ice        0%           99%         2
 Poisonous Vapours        Pois/Air       0%           99%         2
 Searing Ray              Conj           0%           99%         2
 Confusing Touch          Hex            0%           100%        3
 Conjure Flame            Conj/Fire      0%           100%        3
 Dazzling Flash           Conj/Hex       0%           100%        3
 Gell's Gravitas          Tloc           0%           100%        3
 Inner Flame              Hex/Fire       0%           100%        3
 Mephitic Cloud           Conj/Pois/Air  0%           100%        3
 Stone Arrow              Conj/Erth      0%           100%        3
 Tukima's Dance           Hex            0%           100%        3
 Fulminant Prism          Conj/Hex       0%           100%        4
 Iskenderun's Mystic Bla  Conj/Tloc      0%           100%        4
 Petrify                  Tmut/Erth      0%           100%        4
 Sticky Flame             Conj/Fire      0%           100%        4
 Fireball                 Conj/Fire      0%           100%        5
 Iskenderun's Battlesphe  Conj           0%           100%        5
 Metabolic Englaciation   Hex/Ice        0%           100%        5
 Yara's Violent Unravell  Hex/Tmut       0%           100%        5
 Freezing Cloud           Conj/Ice/Air   0%           100%        6
 Orb of Destruction       Conj           0%           100%        7


Dungeon Overview and Level Annotations

Branches:
Dungeon (9/15)             Temple (1/1) D:6         Ossuary (visited)
   Lair: D:8-11         Orc: D:9-12

Altars:
Ashenzari
Cheibriados
Dithmenos
Elyvilon
Fedhas
Gozag
Hepliaklqana
Kikubaaqudgha
Makhleb
Nemelex Xobeh
Okawaru
Qazlal
Ru
Sif Muna
Trog
Uskayaw
Vehumet
Wu Jian
Xom
Yredelemnul
Zin
The Shining One

Shops:
D:6 **[!!

Annotations:
D:7 2 transporters, Lanoc's ghost, novice FeFi


Message History

There are monsters nearby!
You are too injured to fight recklessly!
You are too injured to fight recklessly!
There are monsters nearby!
You are too injured to fight recklessly!
You are too injured to fight recklessly!
You hit the orc warrior.
The orc warrior is moderately wounded.
You slash the orc!
You kill the orc!
Qazlal accepts your kill. You block the orc warrior's attack.
The orc priest invokes the aid of Beogh against you.
Beogh smites you!
You hit the orc warrior but do no damage.
The orc warrior is moderately wounded.
The orc warrior hits you with a +0 dire flail.
The orc priest calls down the wrath of Beogh upon you.
Beogh smites you!
* * * LOW HITPOINT WARNING * * *
You closely miss the orc warrior.
The orc warrior is moderately wounded.
You block the orc warrior's attack.
You barely miss the orc warrior.
The orc warrior is moderately wounded.
You closely miss the orc priest. The orc priest completely misses you.
The orc warrior hits you with a +0 dire flail!
* * * LOW HITPOINT WARNING * * *
You hit the orc warrior.
The orc warrior is heavily wounded.
You hit the orc priest.
The orc priest hits you but does no damage.
The orc warrior hits you but does no damage.
You closely miss the orc warrior.
The orc warrior is heavily wounded.
You barely miss the orc priest.
The orc priest shouts, "Join the one true god or die!"
The orc priest hits you but does no damage.
The orc warrior hits you with a +0 dire flail!
You die...

.....##.#........)[..#...........
..).....#........).........>.....
..)##.................#..........
....#......#.......#####.........
.....................###.........
.................)....##.#.....#.
.......................#. #.....
..........##...°...(.....###...#.
.........###..#o@§...#.......###.
.##.......##....o)..##.....†## ##
..............###...........#
#...........................#
##.......#..................#
#...###.###................###
##.......##..............##..#
#....#..................#...#
##.###.........[............##


You could see an orc warrior and an orc priest.

Vanquished Creatures
  Sigmund (D:6)
  2 water moccasins
  A sky beast (D:5)
  4 ice beasts
  2 necrophages
  4 ogres
  2 centaurs (D:9)
  5 bullfrogs
  A wyvern zombie (D:6)
  A water moccasin skeleton (D:7)
  A howler monkey (D:8)
  A bullfrog zombie (D:9)
  A human zombie (Ossuary)
  2 centaur zombies (Ossuary)
  5 orc priests
  A centaur skeleton (D:9)
  4 hounds
  2 jellies
  Crazy Yiuf (D:4)
  2 bullfrog skeletons
  An iguana (D:8)
  Jessica (D:2)
  Natasha (thrice) (D:2)
  4 orc wizards
  A worker ant (D:7)
  2 mummies (Ossuary)
  2 hound skeletons
  4 gnolls
  Robin (D:2)
  2 howler monkey skeletons
  11 adders
  2 shadow imps
  A white imp (D:6)
  2 ufetubi (D:6)
  An ooze (D:1)
  5 adder zombies
  3 adder skeletons
  2 worms
  A dart slug (D:2)
  4 leopard geckos
  25 orcs
  3 ball pythons
  8 bats
  2 giant cockroaches
  13 goblins
  10 hobgoblins
  7 jackals
  10 kobolds
  2 quokkas
  4 frilled lizards
  12 hobgoblin zombies (Ossuary)
  A jackal skeleton (D:7)
  2 jackal zombies (Ossuary)
  10 kobold zombies (Ossuary)
  6 orc zombies (Ossuary)
  2 quokka zombies (D:4)
  5 rats
218 creatures vanquished.

Vanquished Creatures (others)
  2 plants (D:6)
2 creatures vanquished.

Grand Total: 220 creatures vanquished

Notes
Turn   | Place    | Note
-------+----------+-------------------------------------------
     0 | D:1      | kae the Hill Orc Fighter began the quest for the Orb.
     0 | D:1      | Reached XP level 1. HP: 19/19 MP: 1/1
    61 | D:1      | Reached skill level 3 in Axes
   222 | D:1      | Reached XP level 2. HP: 27/27 MP: 2/2
   601 | D:2      | Reached skill level 4 in Axes
   608 | D:2      | Reached XP level 3. HP: 30/33 MP: 3/3
   777 | D:2      | Reached XP level 4. HP: 27/41 MP: 4/4
   779 | D:2      | Reached skill level 5 in Axes
   824 | D:2      | Noticed Robin
   839 | D:2      | Killed Robin
  1111 | D:2      | Noticed Natasha
  1120 | D:2      | Killed Natasha
  1121 | D:2      | Reached XP level 5. HP: 35/47 MP: 5/5
  1173 | D:2      | Noticed Natasha
  1179 | D:2      | Killed Natasha
  1180 | D:2      | Reached skill level 5 in Fighting
  1180 | D:2      | Reached skill level 6 in Axes
  1266 | D:2      | Noticed Natasha
  1273 | D:2      | Killed Natasha
  1412 | D:2      | Noticed Jessica
  1430 | D:2      | Killed Jessica
  1949 | D:3      | Reached XP level 6. HP: 48/56 MP: 6/6
  2384 | D:3      | Reached skill level 7 in Axes
  2793 | D:4      | Found a sand-covered staircase.
  2800 | Ossuary  | Entered an ossuary
  2970 | Ossuary  | Reached XP level 7. HP: 58/63 MP: 7/7
  3008 | Ossuary  | Reached skill level 8 in Axes
  3415 | D:4      | Found a runed translucent door.
  3416 | D:4      | Noticed Crazy Yiuf
  3876 | D:4      | Killed Crazy Yiuf
  3919 | D:5      | Entered Level 5 of the Dungeon
  3926 | D:5      | Found a shadowy altar of Dithmenos.
  3950 | D:5      | Reached skill level 9 in Axes
  4481 | D:5      | Identified the Papyrus of the Wary Songs
  4497 | D:5      | Reached XP level 8. HP: 19/73 MP: 8/8
  5048 | D:6      | Reached skill level 10 in Axes
  5239 | D:6      | Found Kaov's Antique Armour Shoppe.
  5459 | D:6      | Found Demaar's Distillery.
  5473 | D:6      | Reached skill level 11 in Axes
  5593 | D:6      | Bought a potion of haste for 120 gold pieces
  5593 | D:6      | Bought a potion of heal wounds for 60 gold pieces
  5830 | D:6      | Found a staircase to the Ecumenical Temple.
  5847 | D:6      | Found Nakoucah's Assorted Antiques.
  5974 | Temple   | Entered the Ecumenical Temple
  6180 | Temple   | Became a worshipper of Qazlal Stormbringer
  6224 | D:6      | Bought a scroll labelled MUTWYN JIHAMOD for 19 gold pieces
  6224 | D:6      | Bought a fizzy cyan potion for 17 gold pieces
  6224 | D:6      | Bought a scroll labelled SOETAH PAAMPI for 19 gold pieces
  6257 | D:6      | Found Geluujin's General Store.
  6375 | D:6      | Noticed Sigmund
  6383 | D:6      | Reached skill level 1 in Invocations
  6389 | D:6      | Killed Sigmund
  6390 | D:6      | Reached XP level 9. HP: 57/82 MP: 8/10
  6560 | D:6      | Found Rimpikeg's Distillery.
  6568 | D:6      | Bought a potion of lignification for 30 gold pieces
  6568 | D:6      | Bought a potion of curing for 30 gold pieces
  6796 | D:7      | Reached skill level 12 in Axes
  7021 | D:7      | Found a transporter.
  7037 | D:7      | Found a transporter.
  7037 | D:7      | Noticed Lanoc's ghost (novice FeFi)
  7396 | D:8      | Acquired the amulet "Ibuluf" {Acrobat rPois Str+2 Int+4}
  7413 | D:8      | Found a white marble altar of Elyvilon.
  7555 | D:8      | Reached * piety under Qazlal
  7807 | D:8      | Found a basalt altar of Yredelemnul.
  7980 | D:9      | Reached skill level 5 in Invocations
  8390 | D:9      | Reached skill level 13 in Axes
  8618 | D:9      | Slain by an orc warrior

Illustrated notes

Levels and vault maps discovered:
D:1:      ncdulo_watergridlock, layout_basic
D:2:      layout_rooms, serial_rivers, chequers_serial_rivers_micro_d,
          chequers_serial_rivers_micro_c, chequers_serial_rivers_micro_b,
          chequers_serial_rivers_small_3, chequers_serial_rivers_micro_b,
          chequers_serial_rivers_large_b, uniq_natasha, uniq_robin, uniq_jessica
D:3:      layout_loops_ring
D:4:      layout_cave_pools, enter_ossuary_4, uniq_crazy_yiuf_cottage
D:5:      layout_loops_cross, grunt_dithmenos_smoke
D:6:      layout_basic, temple_pool_b, serial_shops,
          nicolae_shop_overgrown_old_shop, shop, shop, shop, shop, uniq_sigmund
D:7:      layout_loops_ring, gammafunk_ghost_mausoleum, sigmund_army
D:8:      layout_cave_pools, elyvilon_altar_4, lemuel_coloured_pillars_altar
D:9:      layout_cave_pools
Temple:   regret_index_temple_chain_breaker

Skill      XL: |  1  2  3  4  5  6  7  8  9 |
---------------+----------------------------+-----
Axes           | 3 4 5 6 7 9 11 13 | 13.1
Fighting       | 4 5 6 7 8 9 |  9.4
Invocations    | 2 6 |  6.9
Armour         | |  3.2
Shields        | |  3.2

Action                   |  1- 3 |  4- 6 |  7- 9 || total
-------------------------+-------+-------+-------++-------
Melee: War axe           |    63 |   203 |   382 ||   648
  Use: Scroll            |       |     9 |    11 ||    20
Armor: Scale mail        |    52 |    85 |   171 ||   308
Dodge: Dodged            |    25 |    53 |   106 ||   184
Block: Kite shield       |    37 |    78 |   176 ||   291

Table legend: (Time is in decaauts)
 A = Elapsed time spent in this place.
 B = Non-inter-level travel time spent in this place.
 C = Inter-level travel time spent in this place.
 D = Time resting spent in this place.
 E = Time spent auto-exploring this place.
 F = Levels seen in this place.
 G = Mean time per level.
                   A        B        C        D        E       F      G
               +--------+--------+--------+--------+--------+-----+--------+
         Total |   8875 |   8582 |    293 |    891 |   6228 |  11 |  806.8 |
       Dungeon |   8202 |   7955 |    247 |    891 |   5789 |   9 |  911.3 |
        Temple |    221 |    176 |     45 |      0 |    174 |   1 |  221.0 |
       Ossuary |    450 |    450 |      0 |      0 |    265 |   1 |  450.0 |
               +--------+--------+--------+--------+--------+-----+--------+

Top non-repeatable levels by time:
     D:6: 1418 daAuts
     D:2: 1260 daAuts
     D:5: 1065 daAuts
     D:4: 917 daAuts
     D:7: 806 daAuts
     D:1: 754 daAuts
     D:3: 744 daAuts
     D:9: 666 daAuts
     D:8: 569 daAuts
 Ossuary: 450 daAuts
  Temple: 221 daAuts
